 Dungeon Crawl Stone Soup version 0.24.0-35-gdb84b6a5db (webtiles) character file.

Game seed: 12257423825519882559, levelgen mode: deterministic

147 Iamsoldier the Conjurer (level 5, -5/38 HPs)
             Began as a Draconian Conjurer on Nov 19, 2019.
             Killed by divine providence
             ... invoked by an orc priest
              (13 damage)
             ... on level 3 of the Dungeon.
             The game lasted 00:15:11 (3952 turns).

Iamsoldier the Conjurer (Draconian Conjurer)        Turns: 3952, Time: 00:15:11

Health: -5/38      AC:  5    Str: 10    XL:     5   Next: 8%
Magic:  0/9        EV: 12    Int: 16    God:
Gold:   109        SH:  0    Dex: 12    Spells: 1/10 levels left

rFire    + . .     SeeInvis .   b - +0 falchion
rCold    x . .     Gourm    .   (no shield)
rNeg     . . .     Faith    .   (armour unavailable)
rPois    .         Spirit   .   (helmet restricted)
rElec    .         Reflect  .   (no cloak)
rCorr    .         Harm     .   (no gloves)
MR       .....                  (no boots)
Stlth    ++........             (no amulet)
HPRegen  0.12/turn              j - ring of fire
MPRegen  0.11/turn              (no ring)

@: very slightly contaminated
A: unfitting armour, cold-blooded, AC +5
a: no special abilities


You were on level 3 of the Dungeon.
You were not hungry.

You visited 1 branch of the dungeon, and saw 3 of its levels.

You collected 109 gold pieces.

Inventory:

Hand Weapons
 a - a +0 hunting sling
 b - a +0 falchion (weapon)
Missiles
 g - 173 stones (quivered)
Jewellery
 j - a ring of fire (left hand)
Scrolls
 d - 2 scrolls of remove curse
 f - a scroll of fog {unknown}
 l - 3 scrolls of identify {unknown}
 o - a scroll of immolation {unknown}
 r - a scroll of teleportation {unknown}
Potions
 c - 2 potions of heal wounds {unknown}
 e - a potion of might {unknown}
 h - 2 potions of magic {unknown}
 i - a potion of invisibility {unknown}
 k - 2 potions of mutation {unknown}
 n - 2 potions of haste {unknown}
 q - a potion of curing {unknown}
Comestibles
 m - 8 rations
 p - 2 chunks of flesh


   Skills:
 - Level 1.7 Dodging
 - Level 1.7 Stealth
 + Level 3.1 Spellcasting
 * Level 5.7 Conjurations
 + Level 0.1 Hexes


You had one spell level left.
You knew the following spells:

 Your Spells              Type           Power        Failure   Level  Hunger
a - Magic Dart            Conj           ###.         1%          1    None
b - Iskenderun's Mystic   Conj           ###.....     17%         4    ####...
c - Fulminant Prism       Conj/Hex       ##........   47%         4    ####...

Your spell library contained the following spells:

 Spells                   Type           Power        Failure   Level  Hunger
 Searing Ray              Conj           ###...       2%          2    ##.....
 Dazzling Spray           Conj/Hex       ##....       16%         3    ###....
 Force Lance              Conj/Tloc      ##......     50%         4    ####...


Dungeon Overview and Level Annotations

Branches:
Dungeon (3/15)

Altars:
Okawaru

Annotations:
D:3 1 runed translucent door, Crazy Yiuf


Innate Abilities, Weirdness & Mutations

Your plain brown scales are hard. (AC +5)
You cannot fit into any form of body armour.
You are cold-blooded and may be slowed by cold attacks.


Message History

The orc barely misses you. The orc priest barely misses you.
You barely miss the orc priest. The orc hits you with a +0 whip.
The orc priest closely misses you. The orc misses you.
You hit the orc priest.
The orc priest is moderately wounded.
The orc priest casts a cantrip, but nothing happens.
The orc barely misses you.
You riposte.
You closely miss the orc.
The orc is lightly wounded.
You slash the orc priest!
You tail-slap the orc priest, but do no damage.
The orc priest is severely wounded.
The orc priest hits you. The orc hits you with a +0 whip.
* * * LOW HITPOINT WARNING * * *
The orc priest hits you but does no damage.
You hit the orc priest.
The orc priest is severely wounded.
The orc barely misses you.
The orc priest invokes the aid of Beogh against you.
Beogh smites you!
You die...

.................######......###.
.........#.♣.♣.#.# ##########.
.....###.........########..).....
.................og..............
##.######.#.##.##########........
..........#.<#g# #########
.#.########..#.# #
...########..#.###
#...#........#.o@##♣♣ ###
#.>............o....♣♣ ♣♣#..)#
#...#........##....PP♣♣♣♣.+...#
.............###...P..♣..♣#...#
.....######### ##....♣.♣♣♣ ###
.....# ###♣♣♣♣♣ .....# ..)..#
.....#


You could see an orc priest and an orc.

Vanquished Creatures
  An orc priest (D:3)
  An orc wizard (D:3)
  An adder (D:3)
  4 worms
  5 dart slugs
  A leopard gecko (D:3)
  3 orcs (D:3)
  4 ball pythons
  A giant cockroach (D:1)
  8 goblins
  4 hobgoblins
  2 jackals (D:1)
  4 kobolds
  2 quokkas
  7 bats
  3 frilled lizards
  7 rats
58 creatures vanquished.

Notes
Turn   | Place    | Note
-------+----------+-------------------------------------------
     0 | D:1      | Iamsoldier the Draconian Conjurer began the quest for the
                  | Orb.
     0 | D:1      | Reached XP level 1. HP: 14/14 MP: 3/3
   214 | D:1      | Reached XP level 2. HP: 19/20 MP: 1/5
  1042 | D:1      | Reached XP level 3. HP: 26/26 MP: 2/6
  2353 | D:2      | Reached skill level 5 in Conjurations
  3156 | D:3      | Reached XP level 4. HP: 33/33 MP: 0/8
  3691 | D:3      | Found a runed translucent door.
  3692 | D:3      | Noticed Crazy Yiuf
  3702 | D:3      | Learned a level 4 spell: Iskenderun's Mystic Blast
  3721 | D:3      | Learned a level 4 spell: Fulminant Prism
  3724 | D:3      | Found an iron altar of Okawaru.
  3813 | D:3      | Reached XP level 5. HP: 34/38 MP: 2/9
  3952 | D:3      | Killed from afar by an orc priest

Levels and vault maps discovered:
D:1:      wander_arrival_estate, layout_basic
D:2:      layout_loops_corners, minivault_4, minmay_misc_feat_ornament,
          minivault_25
D:3:      layout_basic, okawaru_trees_1, uniq_crazy_yiuf_cottage, uniq_jessica

Skill      XL: |  1  2  3  4 |
---------------+-------------+-----
Conjurations   | 5 |  5.7
Spellcasting   | 3 |  3.1
Dodging        | |  1.7
Stealth        | |  1.7
Hexes          | |  0.1

Action                   |  1- 3 |  4- 6 || total
-------------------------+-------+-------++-------
Melee: Unarmed           |    16 |       ||    16
       Tailslap          |     2 |     2 ||     4
       Falchion          |       |     8 ||     8
 Fire: Hunting sling     |     5 |     1 ||     6
 Cast: Magic Dart        |   112 |    37 ||   149
  Use: Scroll            |     1 |       ||     1
  Eat: Chunk             |     8 |     2 ||    10
Armor: Skin              |    10 |     5 ||    15
Dodge: Dodged            |    27 |    25 ||    52
       Rpst.: Falchion   |       |     8 ||     8
